General information
- name: BNet
- type: Ladder team game (AT/RT)
- host: Battle.net
- saver: St.Canislupus
map: MarketSquare
- players: 8
- length: 22:03
- speed: Fast
- version: 1.26 W3XP
- replay type: Public
» download(123 KB)
Players
team 1 (winner)

»
Ephemerality (
orange | 65 APM | 1432 actions | 22:01)
5 Demon Hunter
2 Immolation
3 Mana Burn
4 Keeper of the Grove
2 Entangling Roots
2 Thorns Aura
3 Priestess of the Moon
2 Trueshot Aura
1 Searing Arrows
» actions
| Assign group hotkey | 22 | |
| Basic commands | 1 | |
| Build / train | 87 | |
| ESC pressed | 1 | |
| Enter build submenu | 28 | |
| Enter hero's abilities submenu | 12 | |
| Give item / drop item | 2 | |
| Right click | 409 | |
| Select / deselect | 336 | |
| Select group hotkey | 461 | |
| Use ability | 73 | |
1432 total
» units
| Wisp | 43 | |
| Archer | 5 | |
| Huntress | 1 | |
| Chimaera | 3 | |
52 total
» upgrades
| Strength of the Moon | 1 | |
| Strength of the Wild | 2 | |
| Reinforced Hides | 1 | |
| Well Spring | 1 | |
| Corrosive Breath | 1 | |
| Nature's Blessing | 1 | |
7 total
» buildings
| Moon Well | 6 | |
| Altar of Elders | 1 | |
| Ancient of War | 1 | |
| Hunter's Hall | 1 | |
| Ancient Protector | 6 | |
| Tree of Ages | 1 | |
| Tree of Life | 3 | |
| Tree of Eternity | 1 | |
| Ancient of Wind | 1 | |
| Ancient of Wonders | 3 | |
| Chimaera Roost | 3 | |
27 total
» build order
00:23 Moon Well
00:36 Altar of Elders
01:04 Ancient of War
01:19 Moon Well
02:11 Moon Well
03:04 Hunter's Hall
04:12 Ancient Protector
04:37 Tree of Ages
05:46 Tree of Life
06:19 Ancient Protector
07:53 Tree of Eternity
07:58 Ancient of Wind
08:14 Moon Well
09:12 Moon Well
09:48 Ancient of Wonders
09:53 Ancient of Wonders
09:56 Ancient of Wonders
10:03 Moon Well
10:20 Chimaera Roost
10:21 Chimaera Roost
11:49 Chimaera Roost
15:14 Ancient Protector
15:15 Ancient Protector
15:16 Ancient Protector
15:17 Ancient Protector
15:53 Tree of Life
19:34 Tree of Life
» items
| Scroll of Regeneration | 2 | |
| Scroll of Town Portal | 4 | |
| Periapt of Vitality | 3 | |
| Boots of Speed | 2 | |
11 total

»
Lord_Ramzy (
red | 72 APM | 1581 actions | 22:01)
4 Blademaster
3 Critical Strike
1 Mirror Image
» actions
| Assign group hotkey | 64 | |
| Basic commands | 84 | |
| Build / train | 70 | |
| ESC pressed | 4 | |
| Enter build submenu | 17 | |
| Enter hero's abilities submenu | 5 | |
| Give item / drop item | 1 | |
| Remove unit from queue | 1 | |
| Right click | 498 | |
| Select / deselect | 202 | |
| Select group hotkey | 596 | |
| Use ability | 39 | |
1581 total
» units
| Peon | 16 | |
| Grunt | 10 | |
| Shaman | 6 | |
| Troll Witch Doctor | 6 | |
| Tauren | 8 | |
46 total
» upgrades
| Spiked Barricades | 1 | |
| Armor | 2 | |
| Shaman Training | 2 | |
| Witch Doctor Training | 2 | |
| Melee Weapons | 2 | |
| Reinforced Defenses | 1 | |
| Pulverize | 1 | |
11 total
» buildings
| Orc Burrow | 9 | |
| War Mill | 1 | |
| Altar of Storms | 1 | |
| Barracks | 1 | |
| Voodoo Lounge | 1 | |
| Watch Tower | 2 | |
| Stronghold | 1 | |
| Spirit Lodge | 2 | |
| Fortress | 1 | |
| Tauren Totem | 2 | |
| Great Hall | 1 | |
22 total
» build order
00:11 Orc Burrow
00:24 War Mill
00:40 Altar of Storms
01:26 Barracks
01:48 Orc Burrow
01:59 Voodoo Lounge
03:29 Watch Tower
03:31 Watch Tower
04:30 Stronghold
04:38 Orc Burrow
05:46 Orc Burrow
08:00 Spirit Lodge
08:03 Spirit Lodge
09:06 Fortress
12:16 Tauren Totem
12:17 Tauren Totem
13:22 Orc Burrow
13:24 Orc Burrow
13:27 Orc Burrow
19:08 Great Hall
20:05 Orc Burrow
20:06 Orc Burrow
» items
| Healing Salve | 1 | |
| Orb of Lightning | 1 | |
| Tiny Great Hall | 1 | |
| Boots of Speed | 1 | |
4 total
St.Canislupus (
purple | 67 APM | 1478 actions | 22:03)
5 Blood Mage
3 Flame Strike
1 Siphon Mana
1 Banish
» actions
| Assign group hotkey | 23 | |
| Basic commands | 153 | |
| Build / train | 69 | |
| ESC pressed | 11 | |
| Enter build submenu | 27 | |
| Enter hero's abilities submenu | 5 | |
| Give item / drop item | 1 | |
| Right click | 739 | |
| Select / deselect | 283 | |
| Select group hotkey | 61 | |
| Use ability | 106 | |
1478 total
» units
| Peasant | 18 | |
| Mortar Team | 11 | |
| Sorceress | 5 | |
34 total
» upgrades
| Gunpowder | 3 | |
| Lumber Harvesting | 1 | |
| Sorceress Training | 1 | |
| Flare | 1 | |
| Fragmentation Shards | 1 | |
7 total
» buildings
| Altar of Kings | 1 | |
| Lumber Mill | 1 | |
| Farm | 9 | |
| Scout Tower | 23 | |
| Guard Tower | 8 | |
| Arcane Tower | 1 | |
| Arcane Vault | 1 | |
| Keep | 1 | |
| Barracks | 1 | |
| Blacksmith | 1 | |
| Castle | 2 | |
| Workshop | 3 | |
| Arcane Sanctum | 1 | |
| Town Hall | 1 | |
54 total
» build order
00:30 Altar of Kings
00:33 Lumber Mill
00:45 Farm
01:10 Scout Tower
01:15 Farm
01:54 Scout Tower
01:57 Scout Tower
02:00 Scout Tower
02:13 Guard Tower
02:33 Arcane Tower
03:25 Farm
03:28 Farm
03:32 Arcane Vault
04:04 Keep
04:15 Scout Tower
04:17 Scout Tower
04:19 Scout Tower
04:21 Scout Tower
04:49 Guard Tower
04:50 Guard Tower
05:01 Farm
05:18 Guard Tower
05:27 Barracks
05:28 Guard Tower
05:45 Scout Tower
05:48 Scout Tower
06:28 Guard Tower
06:50 Blacksmith
08:02 Castle
08:04 Workshop
08:06 Workshop
08:10 Arcane Sanctum
08:11 Guard Tower
08:36 Workshop
09:03 Farm
09:05 Farm
09:06 Farm
09:07 Farm
15:31 Scout Tower
15:34 Scout Tower
15:36 Scout Tower
15:37 Scout Tower
15:38 Scout Tower
15:39 Scout Tower
15:40 Scout Tower
15:42 Scout Tower
15:42 Scout Tower
15:44 Scout Tower
15:47 Scout Tower
15:48 Scout Tower
15:49 Scout Tower
17:17 Guard Tower
21:02 Town Hall
» items
| Scroll of Regeneration | 2 | |
| Lesser Clarity Potion | 1 | |
| Scroll of Town Portal | 2 | |
| Ivory Tower | 4 | |
9 total
Ddude (
teal | 32 APM | 704 actions | 22:01)
6 Paladin
3 Holy Light
3 Divine Shield
2 Blood Mage
1 Flame Strike
1 Banish
» actions
| Basic commands | 24 | |
| Build / train | 91 | |
| Enter build submenu | 25 | |
| Enter hero's abilities submenu | 9 | |
| Give item / drop item | 3 | |
| Remove unit from queue | 1 | |
| Right click | 169 | |
| Select / deselect | 314 | |
| Use ability | 68 | |
704 total
» units
| Peasant | 24 | |
| Footman | 20 | |
| Flying Machine | 19 | |
63 total
» upgrades
| Lumber Harvesting | 2 | |
| Plating | 3 | |
| Gunpowder | 3 | |
| Flak Cannons | 1 | |
| Flying Machine Bombs | 1 | |
10 total
» buildings
| Altar of Kings | 1 | |
| Farm | 11 | |
| Barracks | 2 | |
| Keep | 1 | |
| Town Hall | 1 | |
| Castle | 1 | |
| Lumber Mill | 1 | |
| Blacksmith | 1 | |
| Workshop | 4 | |
23 total
» build order
00:23 Altar of Kings
00:37 Farm
00:52 Farm
01:08 Barracks
02:01 Barracks
02:30 Farm
02:37 Farm
02:42 Farm
03:00 Farm
05:54 Keep
06:36 Town Hall
08:16 Castle
11:01 Lumber Mill
11:55 Blacksmith
12:29 Workshop
12:32 Workshop
12:39 Workshop
13:25 Workshop
14:25 Farm
14:27 Farm
14:28 Farm
14:29 Farm
15:19 Farm
» items
| Boots of Speed | 1 | |
| Circlet of Nobility | 2 | |
| Orb of Venom | 1 | |
| Scroll of Town Portal | 1 | |
5 total
team 2 (loser)
kasabian11 (
blue | 61 APM | 470 actions | 07:42)
2 Dreadlord
1 Sleep
1 Vampiric Aura
» actions
| Assign group hotkey | 10 | |
| Basic commands | 22 | |
| Build / train | 25 | |
| Enter build submenu | 8 | |
| Enter hero's abilities submenu | 2 | |
| Right click | 233 | |
| Select / deselect | 77 | |
| Select group hotkey | 77 | |
| Use ability | 16 | |
470 total
» units
» upgrades
| Unholy Armor | 1 | |
| Unholy Strength | 1 | |
2 total
» buildings
| Crypt | 2 | |
| Altar of Darkness | 1 | |
| Ziggurat | 3 | |
| Graveyard | 1 | |
| Tomb of Relics | 1 | |
| Halls of the Dead | 1 | |
9 total
» build order
00:11 Crypt
00:13 Altar of Darkness
00:35 Ziggurat
01:00 Graveyard
01:33 Tomb of Relics
02:03 Ziggurat
03:02 Ziggurat
05:39 Halls of the Dead
06:33 Crypt
» items
Live_Bait (
pink | 50 APM | 883 actions | 17:30)
5 Far Seer
3 Feral Spirit
2 Chain Lighting
» actions
| Assign group hotkey | 16 | |
| Basic commands | 88 | |
| Build / train | 55 | |
| Enter build submenu | 15 | |
| Enter hero's abilities submenu | 5 | |
| Remove unit from queue | 6 | |
| Right click | 328 | |
| Select / deselect | 169 | |
| Select group hotkey | 154 | |
| Use ability | 47 | |
883 total
» units
» upgrades
| Pillage | 1 | |
| Cannibalize | 1 | |
| Berserker Strength | 1 | |
| Ghoul Frenzy | 1 | |
4 total
» buildings
| Altar of Storms | 1 | |
| Orc Burrow | 6 | |
| Barracks | 1 | |
| Voodoo Lounge | 1 | |
| War Mill | 1 | |
| Stronghold | 1 | |
| Black Citadel | 1 | |
| Fortress | 1 | |
| Beastiary | 2 | |
| Great Hall | 2 | |
| Spirit Tower | 1 | |
18 total
» build order
00:21 Altar of Storms
00:34 Orc Burrow
01:06 Barracks
01:37 Orc Burrow
02:09 Voodoo Lounge
02:33 Orc Burrow
06:17 War Mill
07:58 Stronghold
09:13 Black Citadel
10:38 Fortress
10:41 Beastiary
10:42 Beastiary
13:16 Great Hall
13:59 Orc Burrow
14:01 Orc Burrow
15:25 Great Hall
16:32 Spirit Tower
17:25 Orc Burrow
» items
| Scroll of Speed | 1 | |
| Lesser Clarity Potion | 2 | |
| Healing Salve | 2 | |
| Scroll of Town Portal | 2 | |
| Boots of Speed | 1 | |
8 total

»
187- (
green | 39 APM | 686 actions | 17:22)
5 Mountain King
3 Storm Bolt
2 Bash
3 Paladin
2 Holy Light
1 Divine Shield
» actions
| Assign group hotkey | 17 | |
| Basic commands | 47 | |
| Build / train | 61 | |
| Enter build submenu | 29 | |
| Enter hero's abilities submenu | 8 | |
| Right click | 203 | |
| Select / deselect | 186 | |
| Select group hotkey | 79 | |
| Use ability | 56 | |
686 total
» units
| Peasant | 13 | |
| Footman | 12 | |
| Rifleman | 3 | |
| Knight | 1 | |
| Dragonhawk Rider | 3 | |
| Gryphon Rider | 2 | |
34 total
» upgrades
| Defend | 1 | |
| Masonry | 2 | |
| Swords | 2 | |
| Long Rifles | 1 | |
| Animal War Training | 1 | |
7 total
» buildings
| Altar of Kings | 1 | |
| Farm | 12 | |
| Barracks | 2 | |
| Lumber Mill | 1 | |
| Arcane Vault | 1 | |
| Scout Tower | 5 | |
| Blacksmith | 1 | |
| Guard Tower | 5 | |
| Keep | 1 | |
| Castle | 1 | |
| Town Hall | 1 | |
| Gryphon Aviary | 2 | |
33 total
» build order
00:07 Altar of Kings
00:16 Farm
00:28 Barracks
01:37 Farm
02:11 Lumber Mill
02:22 Farm
02:55 Farm
03:12 Barracks
04:09 Arcane Vault
04:43 Farm
05:08 Scout Tower
05:19 Blacksmith
05:31 Scout Tower
05:45 Guard Tower
06:16 Guard Tower
06:20 Scout Tower
07:59 Keep
08:02 Guard Tower
08:05 Scout Tower
08:37 Guard Tower
08:39 Scout Tower
09:16 Guard Tower
10:32 Castle
11:03 Farm
11:20 Farm
11:38 Town Hall
12:26 Farm
12:45 Gryphon Aviary
12:50 Gryphon Aviary
13:06 Farm
13:45 Farm
14:33 Farm
17:01 Farm
» items
| Scroll of Regeneration | 1 | |
| Lesser Clarity Potion | 1 | |
| Scroll of Town Portal | 1 | |
3 total
Chat log
(02:17 / Allies) Ddude: purple what the hell ar eyou doing???
(02:52 / Allies) Ephemerality: lol
(02:57 / Allies) Ephemerality: b in
(03:01 / Allies) Lord_Ramzy: call to arms
(03:14 / Allies) Ddude: purple is noob
(03:18 / Allies) St.Canislupus: lol no you're noob
(03:42 / Allies) Ddude: you clearly are a nooby purple
(03:59 / Allies) St.Canislupus: nah double barraks + pally.. you're the noob here
(04:32 / Allies) Ddude: just admit it purple
(04:46 / Allies) Ddude: we were all noobs at one point. We can help you
(04:56 / Allies) St.Canislupus: you dont even have a lumber mill
(04:58 / Allies) St.Canislupus: you're gonna get raped
(05:04 / Allies) Ddude: sigh
(05:11 / Allies) Ephemerality: can i takje?
(05:14 / Allies) Ddude: another noob comment
(05:27 / Allies) Ddude: dont crep with me oj
(05:35 / Allies) Ephemerality: im not
(05:35 / Allies) Ddude: no purple
(05:38 / Allies) Ddude: no
(06:04 / Allies) Ephemerality: tp?
(06:17 / Allies) Lord_Ramzy: they wiull not get in
(06:35 / Allies) St.Canislupus: see
(06:38 / Allies) St.Canislupus: knew what i was doin
(06:50 / Allies) Lord_Ramzy: tp
(06:50 / Allies) Lord_Ramzy: tp
(06:53 / Allies) Lord_Ramzy: tp to OJ
(06:57 / Allies) Ddude: I will
(07:01 / Allies) Ddude: hang on
(07:31 / Allies) Ephemerality: ty
(07:34 / Allies) Ddude: turn wells dude
(07:37 / Allies) Ephemerality: it is
(07:40 / Allies) Ddude: ok
(07:58 / Allies) St.Canislupus: lmao
(08:27 / All) Ddude: so you faggots just leave?
(08:39 / All) Lord_Ramzy: I know
(08:42 / All) St.Canislupus: the rush failed, what else do they have
(08:46 / All) Lord_Ramzy: noobs. they fail a rush and they leave
(08:55 / All) 187-: shit happens
(10:20 / All) Ddude: no oj
(10:26 / All) Ddude: hero almost level 5
(10:27 / Allies) St.Canislupus: just creep with him
(10:28 / Allies) St.Canislupus: hes a troll
(10:46 / All) Ddude: talking about me purple?
(10:51 / Allies) Ephemerality: teal
(10:52 / Allies) St.Canislupus: yeah
(11:37 / All) Ddude: I am getting a feeling purple will BS
(11:49 / Allies) St.Canislupus: funny, i feel the same way about you
(12:08 / All) Ddude: I am not the one massing mortars
(12:15 / Allies) St.Canislupus: im doing invis mortars noob..
(13:26 / Allies) Ephemerality: u tank teal?
(13:34 / All) Ddude: could be
(14:21 / Allies) Ephemerality: pink is done
(14:47 / Allies) Ephemerality: i see why he left
(15:30 / All) Ddude: wait oj
(16:46 / All) Ddude: tp
(17:36 / Allies) St.Canislupus: i won this for us
(17:42 / Allies) Ephemerality: lol
(17:46 / Allies) Ephemerality: not really...
(17:49 / Allies) Ephemerality: they have 1 afk
(17:51 / Allies) Ephemerality: so, maybe
(19:16 / All) St.Canislupus: i see you troll
(19:35 / All) St.Canislupus: i am the light in the dark
(19:48 / All) St.Canislupus: here to banish all trolls back to their bridge
(21:16 / All) Ddude: just leave yellow so I don't have to deal with the noob purple
(21:39 / All) St.Canislupus: sigh
(21:41 / All) St.Canislupus: this kid
(21:45 / All) St.Canislupus: he knows i'll wreck him
(21:56 / All) St.Canislupus: thats why he wants you to leave troll
(21:57 / All) Ddude: then go ahead and wreck me